 Dungeon Crawl Stone Soup version 0.31-a0-988-g08d55dae12 (webtiles) character file.

Game seed: 5336496518427850574

30 Azuregosa the Sneak (level 3, -4/27 HPs)
             Began as an Octopode Delver on Nov 5, 2023.
             Killed by nerve-wracking pain
             ... invoked by Menkaure
              (10 damage)
             ... in an ossuary.
             The game lasted 00:04:48 (419 turns).

Azuregosa the Sneak (Octopode Delver)                Turns: 419, Time: 00:04:49

Health: -4/27      AC:  1    Str: 11    XL:     3   Next: 18%
Magic:  3/3        EV: 13    Int: 12    God:
Gold:   0          SH:  0    Dex: 15    Spells: 2/2 levels left

rFire   . .          .
                       - Unarmed
rCold   . . .        (no shield)
rNeg    . . .        (helmet restricted)
rPois   .            (no amulet)
rElec   .            (no ring)
rCorr   .            (no ring)
SInv    .            (no ring)
Will    .....        (no ring)
Stlth   ++++         (no ring)
HPRegen 0.24/turn    (no ring)
MPRegen 0.08/turn    (no ring)
                     (no ring)

%: no passive effects
@: marked, hasted, very quick
A: almost no armour, amphibious, 8 rings, camouflage 1, gelatinous body 1,
(nimble swimmer 1), tentacles
a: no special abilities


You were in an ossuary.
You visited 1 branch of the dungeon, and saw 1 of its levels.
You also visited: Ossuary.

Inventory:

Wands
 e - a wand of digging (2)
Scrolls
 a - a scroll of fog
 c - a scroll of fear


   Skills:
 + Level 4.2 Fighting
 - Level 2.0 Dodging
 - Level 6.6 Stealth
 - Level 2.0 Unarmed Combat


You had 2 spell levels left.
You didn't know any spells.
Your spell library was empty.

Dungeon Overview and Level Annotations

Branches:
Dungeon (5/15)            Ossuary (1/1)
 Temple: D:4-7

Altars:

Annotations:
Ossuary Menkaure


Innate Abilities, Weirdness & Mutations

You cannot wear most types of armour.
You are amphibious.
You can wear up to eight rings at the same time.
Your skin changes colour to match your surroundings (Stealth+).
Your rubbery body absorbs attacks. (AC +1, EV +1)
((You are camouflaged when in or above water. (Stealth+)))
You have tentacles for arms and can constrict up to eight enemies at once.


Message History

You tentacle-slap the goblin zombie. You grab the goblin zombie.
You squeeze the goblin zombie.
The goblin zombie is almost destroyed.
You constrict the goblin zombie.
You destroy the goblin zombie!
You tentacle-slap the kobold zombie. You grab the kobold zombie.
You squeeze the kobold zombie.
You destroy the kobold zombie!
A hobgoblin zombie comes into view.
You tentacle-slap the hobgoblin zombie. You grab the hobgoblin zombie.
You squeeze the hobgoblin zombie.
The hobgoblin zombie is moderately damaged.
You constrict the hobgoblin zombie. You barely miss the hobgoblin zombie.
You squeeze the hobgoblin zombie.
You destroy the hobgoblin zombie!
The sentinel's mark upon you fades away.
Menkaure, Prince of Dust comes into view.
Menkaure gestures wildly while chanting.
Menkaure seems to speed up.
Press: ? - help, v - describe, . - travel
Here: Menkaure (fast)
The floor.
Unknown command.
Menkaure pulls the alarm!
The alarm trap emits a blaring wail!
A sentinel's mark forms upon you. Menkaure casts a spell at you.
Pain shoots through your body!
You feel yourself speed up.
Menkaure calls on the powers of darkness!
Your body is wracked with pain!
You tentacle-slap Menkaure but do no damage.
Your grab misses Menkaure. Menkaure hits you!
* * * LOW HITPOINT WARNING * * *
You tentacle-slap Menkaure. You grab Menkaure. You tentacle-slap Menkaure.
Menkaure is moderately damaged.
You constrict Menkaure, but do no damage.
Menkaure points at you and mumbles some strange words.
Pain shoots through your body!
You die...

#..##..## ##..##..## ..##..##
##..##..## .##..## ##..##..##
##..## ##..##..# #.^## ##..##..
..## ##..##. .## ##..##
######################## ##..#
................@M....^. ##..
################################.
.................................
#################################


You could see Menkaure (fast).

Vanquished Creatures
  5 gnoll skeletons (Ossuary)
  2 gnoll zombies (Ossuary)
  4 goblin skeletons (Ossuary)
  5 goblin zombies
  4 hobgoblin skeletons (Ossuary)
  8 hobgoblin zombies (Ossuary)
  A kobold skeleton (Ossuary)
  2 kobold zombies (Ossuary)
  6 orc skeletons (Ossuary)
  2 orc zombies (Ossuary)
  A rat skeleton (Ossuary)
  2 rat zombies
42 creatures vanquished.

Notes
Turn   | Place    | Note
-------+----------+-------------------------------------------
     0 | D:5      | Azuregosa the Octopode Delver began the quest for the Orb.
     0 | D:5      | Reached XP level 1. HP: 16/16 MP: 1/1
    17 | D:5      | Found a sand-covered staircase.
    35 | Ossuary  | Entered an ossuary
    57 | Ossuary  | Reached XP level 2. HP: 6/21 MP: 2/2
   299 | Ossuary  | Reached XP level 3. HP: 25/27 MP: 3/3
   411 | Ossuary  | Noticed Menkaure
   419 | Ossuary  | Killed from afar by Menkaure

Illustrated notes

Levels and vault maps discovered:
D:5:      layout_gridville, enter_ossuary_4
Ossuary:  ossuary_due_pyramid

Skill      XL: |  1  2 |
---------------+-------+-----
Fighting       | 4 |  4.2
Dodging        | |  2.0
Stealth        | |  6.6
Unarmed Combat | |  2.0

Action                     || total
---------------------------++-------
  Melee: Unarmed           ||    97
         Constrict         ||    42
         Tentacles         ||    22
         Punch             ||     7
  Evoke: Wand              ||     1
    Use: Scroll            ||     1
         Potion            ||     1
   Stab: Sleeping          ||     1
 Armour: Skin              ||    16
  Dodge: Dodged            ||    33

Table legend: (Time is in decaauts)
 A = Elapsed time spent in this place.
 B = Non-inter-level travel time spent in this place.
 C = Inter-level travel time spent in this place.
 D = Time resting spent in this place.
 E = Time spent auto-exploring this place.
 F = Levels seen in this place.
 G = Mean time per level.
                   A        B        C        D        E       F      G
               +--------+--------+--------+--------+--------+-----+--------+
         Total |    414 |    414 |      0 |     56 |     72 |   2 |  207.0 |
       Dungeon |     34 |     34 |      0 |      0 |      0 |   1 |   34.0 |
       Ossuary |    379 |    379 |      0 |     56 |     72 |   1 |  379.0 |
               +--------+--------+--------+--------+--------+-----+--------+

Top non-repeatable levels by time:
 Ossuary: 379 daAuts
     D:5: 34 daAuts
